[Event "Titled Tuesday Blitz May 9 Late 2023"]
[White "Kuznetsov, Felix"]
[Black "Andreikin, Dmitry"]
[WhiteFideId "34147990"]
[BlackFideId "4158814"]
[WhiteElo "2281"]
[BlackElo "2736"]
[Result "1/2-1/2"]
[Round "04"]
[TimeControl "180+2"]
[Date "2023.05.09"]
[WhiteClock "0:00:12"]
[BlackClock "0:00:36"]

1. e4 e6 2. d4 d5 3. Nd2 c5 4. Ngf3 cxd4 5. exd5 Nc6 6. dxc6 bxc6 7. Bd3 Nf6 8. O-O Be7 9. Ne4 O-O 10. Bg5 Nd5 11. Bxe7 Qxe7 12. Nxd4 c5 13. Nf3 Bb7 14. Qd2 Rad8 15. Qg5 f6 16. Qg3 e5 17. Bc4 Kh8 18. Bxd5 Rxd5 19. Nc3 Rd6 20. Rad1 Re6 21. Nd5 Qf7 22. c4 e4 23. Nh4 f5 24. Nf4 Rh6 25. Qg5 Qf6 26. Qxf6 Rhxf6 27. Nd5 Bxd5 28. Rxd5 g5 29. Nxf5 Rxf5 30. Rxf5 Rxf5 31. Rd1 Rf6 32. Rd5 Ra6 33. a3 Rb6 34. Rxg5 Rxb2 35. g4 Ra2 36. Rxc5 Rxa3 37. Rc7 e3 38. fxe3 Rxe3 39. Rxa7 Re4 40. Rc7 Rxg4+ 41. Kf2 Kg8 42. c5 Rc4 43. c6 Kf8 44. Ke3 Ke8 45. Kd3 Rh4 46. Rg7 Kd8 47. c7+ Kc8 48. h3 Rxh3+ 49. Ke4 Rh5 50. Kf4 Rc5 51. Rxh7 Rxc7 52. Rxc7+ Kxc7 1/2-1/2


[Site "https://www.chess.com"]

[Event "Titled Tuesday Blitz May 9 Late 2023"]
[White "Martinez Alcantara, Jose Eduardo"]
[Black "Sieciechowicz, Marcin"]
[WhiteFideId "3805662"]
[BlackFideId "1130170"]
[WhiteElo "2711"]
[BlackElo "2302"]
[Result "1-0"]
[Round "04"]
[TimeControl "180+2"]
[Date "2023.05.09"]
[WhiteClock "0:00:43"]
[BlackClock "0:00:00"]

1. e4 e6 2. d4 d5 3. Nd2 c5 4. Ngf3 cxd4 5. Nxd4 Nf6 6. e5 Nfd7 7. N2f3 Nc6 8. Nxc6 bxc6 9. Bd3 Qc7 10. Qe2 Nc5 11. O-O Be7 12. Be3 h6 13. Bxc5 Bxc5 14. c3 O-O 15. Rae1 a5 16. Nd4 Rb8 17. b3 a4 18. Bc2 axb3 19. axb3 Qb6 20. Qd3 g6 21. Qg3 Kg7 22. Rd1 Bd7 23. h4 h5 24. Ne2 Rh8 25. Nf4 Rh6 26. Rfe1 Be7 27. Rd3 Qd8 28. Nh3 Bxh4 29. Qf4 c5 30. Ra1 Rh8 31. Rf3 Rf8 32. Ra7 Be8 33. Rg3 Bxg3 34. Qxg3 Ra8 35. Qxg6+ 1-0


[Site "https://www.chess.com"]

[Event "Titled Tuesday Blitz May 9 Late 2023"]
[White "Moussard, Jules"]
[Black "Hambleton, Aman"]
[WhiteFideId "642908"]
[BlackFideId "2606577"]
[WhiteElo "2610"]
[BlackElo "2511"]
[Result "1-0"]
[Round "04"]
[TimeControl "180+2"]
[Date "2023.05.09"]
[WhiteClock "0:00:05"]
[BlackClock "0:00:00"]

1. e4 b6 2. d4 Bb7 3. Nc3 e6 4. Nf3 Bb4 5. Bd3 Nf6 6. e5 Ne4 7. Bxe4 Bxe4 8. O-O Bxc3 9. bxc3 Nc6 10. Re1 Bg6 11. Bg5 Qc8 12. h4 h6 13. Bf4 Qa6 14. a4 Ne7 15. a5 Qc4 16. Ra3 b5 17. a6 Nd5 18. Bd2 b4 19. cxb4 Qxc2 20. Qe2 Bh5 21. Rea1 Rb8 22. b5 O-O 23. Kh2 Qf5 24. Rb3 c6 25. Rab1 cxb5 26. Rxb5 Bxf3 27. Qxf3 Qxf3 28. gxf3 Rxb5 29. Rxb5 Rc8 30. Rb7 Rc6 31. Rxa7 Kh7 32. Kg3 Kg6 33. Ba5 Rc4 34. Rxd7 Ra4 35. Bd2 Rxa6 36. h5+ Kxh5 37. Rxf7 Kg6 38. Rf8 Ra2 39. Be3 Ra7 40. Re8 Re7 41. Ra8 Kf5 42. Rf8+ Kg6 43. f4 Rf7 44. Re8 Re7 45. Rd8 Rf7 46. Kf3 Re7 47. Ke4 h5 48. f5+ Kf7 49. fxe6+ 1-0


[Site "https://www.chess.com"]

[Event "Titled Tuesday Blitz May 9 Late 2023"]
[White "Abdrlauf, Elham"]
[Black "Grigorov, Grigor"]
[WhiteFideId "1533533"]
[BlackFideId "2907313"]
[WhiteElo "2466"]
[BlackElo "2510"]
[Result "0-1"]
[Round "04"]
[TimeControl "180+2"]
[Date "2023.05.09"]
[WhiteClock "0:00:00"]
[BlackClock "0:00:54"]

1. e4 c6 2. d4 d5 3. Nc3 dxe4 4. Nxe4 Nf6 5. Nxf6+ exf6 6. c3 Bd6 7. Bd3 Na6 8. Ne2 Nc7 9. O-O O-O 10. Bf4 Bg4 11. Bxd6 Qxd6 12. Qd2 Bxe2 13. Bxe2 Rfe8 14. Rfd1 Rad8 15. a4 Ne6 16. a5 g6 17. a6 b6 18. Bc4 Ng5 19. Re1 Ne4 20. Qc2 f5 21. Bd3 Nf6 22. h3 Rxe1+ 23. Rxe1 c5 24. dxc5 Qxc5 25. Be2 Ne4 26. Bd3 Rxd3 27. Qxd3 Qxf2+ 28. Kh2 Qxe1 29. Qd8+ Kg7 30. Qc7 Nd2 31. Qxa7 Nf1+ 32. Kg1 Ng3+ 33. Kh2 f4 0-1


[Site "https://www.chess.com"]

[Event "Titled Tuesday Blitz May 9 Late 2023"]
[White "Schmakel, Sam"]
[Black "Pranav, V"]
[WhiteFideId "2039311"]
[BlackFideId "25060783"]
[WhiteElo "2356"]
[BlackElo "2515"]
[Result "0-1"]
[Round "04"]
[TimeControl "180+2"]
[Date "2023.05.09"]
[WhiteClock "0:00:01"]
[BlackClock "0:00:06"]

1. d4 Nf6 2. c4 e6 3. Nf3 b6 4. g3 Ba6 5. Nbd2 c5 6. Bg2 Bb7 7. O-O cxd4 8. Nxd4 Bxg2 9. Kxg2 Be7 10. e4 Qc7 11. Qe2 d6 12. b3 Nbd7 13. f3 O-O 14. Bb2 a6 15. g4 Rfe8 16. Rfe1 Nf8 17. Kh1 Ng6 18. Nf1 Rad8 19. Ng3 Nd7 20. Qd2 Nc5 21. Nh5 Bf8 22. Rad1 Qb7 23. b4 Nd7 24. b5 Nde5 25. Qe2 axb5 26. cxb5 d5 27. f4 Nc4 28. Nc6 Ra8 29. exd5 exd5 30. Qxe8 Rxe8 31. Rxe8 Nxb2 32. Rxd5 Nc4 33. f5 Nce5 34. fxg6 Nxc6 35. bxc6 Qxc6 36. gxf7+ Kxf7 37. Rd8 Be7 38. Rd7 Ke8 39. Ng3 g6 40. Kg2 Qe6 41. h3 Bh4 42. Rd2 Qxd7 43. Rxd7 Kxd7 44. Ne4 Be7 45. Kf3 Kc6 46. Ke3 Kb5 47. Kd3 Kb4 48. Nc3 Ka3 49. Kc2 Bf6 50. Nd5 Bd4 51. Kb1 Ka4 52. h4 Kb5 53. Kc2 Kc4 54. Ne7 Bf6 55. Nc6 Bxh4 56. Kd2 Kd5 57. Nb8 Ke4 58. Nd7 b5 59. Kc3 Be1+ 60. Kb3 Kf4 61. Nf6 h6 62. Ng8 Kg5 63. Ne7 b4 64. Kc4 Bc3 65. Nd5 Be1 66. Nxb4 Kxg4 67. a4 Bf2 68. a5 h5 69. a6 h4 70. Nd3 Ba7 71. Ne5+ Kg3 72. Nxg6 h3 73. Ne5 h2 74. Nc6 h1=Q 75. Nxa7 Qa8 76. Nc6 Qxc6+ 0-1


[Site "https://www.chess.com"]

[Event "Titled Tuesday Blitz May 9 Late 2023"]
[White "Sargsyan, Shant"]
[Black "Tatarinov, Dmitry"]
[WhiteFideId "13306766"]
[BlackFideId "24160067"]
[WhiteElo "2628"]
[BlackElo "2326"]
[Result "1-0"]
[Round "04"]
[TimeControl "180+2"]
[Date "2023.05.09"]
[WhiteClock "0:00:46"]
[BlackClock "0:00:07"]

1. g3 d5 2. Nf3 Nd7 3. d4 Nb6 4. a4 a5 5. Bg2 Nf6 6. O-O h6 7. Ne5 Bf5 8. c4 e6 9. Nc3 c6 10. Qb3 Bb4 11. c5 Nbd7 12. Nxd7 Nxd7 13. Na2 b6 14. Nxb4 axb4 15. Qxb4 bxc5 16. dxc5 O-O 17. Qc3 e5 18. b4 Qe7 19. Bb2 Rfb8 20. Rfd1 h5 21. h4 Bg4 22. Qd2 Nf6 23. a5 Ne4 24. Bxe4 dxe4 25. Bc3 Qe6 26. Qe3 Qf5 27. Rd6 Rc8 28. Rad1 f6 29. R1d2 Qg6 30. Bxe5 Kh7 31. Bc3 Ra7 32. Qf4 e3 33. Qxe3 Re8 34. Qd3 Bf5 35. Qc4 Re4 36. R6d4 Rae7 37. Rxe4 Rxe4 38. Rd4 Be6 39. Qd3 Bf5 40. Rxe4 Bxe4 41. Qe3 Bd5 42. Kh2 Kg8 43. Qd3 Be4 44. Qe3 Bd5 45. a6 Qb1 46. f3 Qa2 47. Qe8+ Kh7 48. Qxh5+ Kg8 49. Qe8+ Kh7 50. h5 Bxf3 51. a7 Bxe2 52. a8=Q Ba6+ 53. Kg1 Qb1+ 54. Be1 1-0


[Site "https://www.chess.com"]

[Event "Titled Tuesday Blitz May 9 Late 2023"]
[White "Sarana, Alexey"]
[Black "Matinian, Nikita"]
[WhiteFideId "24133795"]
[BlackFideId "24129100"]
[WhiteElo "2714"]
[BlackElo "2422"]
[Result "1-0"]
[Round "04"]
[TimeControl "180+2"]
[Date "2023.05.09"]
[WhiteClock "0:02:18"]
[BlackClock "0:01:36"]

1. d4 Nf6 2. c4 e6 3. Nc3 Bb4 4. e3 b6 5. Ne2 Ba6 6. a3 Bxc3+ 7. Nxc3 O-O 8. d5 e5 9. Be2 d6 10. O-O Bc8 11. e4 a5 12. Rb1 Nbd7 13. b4 axb4 14. axb4 Ne8 15. Be3 g6 16. Ra1 Rxa1 17. Qxa1 f5 18. f3 f4 19. Bf2 g5 20. Qa8 Ndf6 21. Nb5 Qe7 22. Qxc8 g4 23. Qe6+ Rf7 24. Qxe7 Rxe7 25. Bh4 1-0


[Site "https://www.chess.com"]

[Event "Titled Tuesday Blitz May 9 Late 2023"]
[White "Volkov, Maksim"]
[Black "Kozak, Adam"]
[WhiteFideId "54123070"]
[BlackFideId "753246"]
[WhiteElo "2297"]
[BlackElo "2469"]
[Result "0-1"]
[Round "04"]
[TimeControl "180+2"]
[Date "2023.05.09"]
[WhiteClock "0:00:04"]
[BlackClock "0:00:05"]

1. d4 Nf6 2. c4 e6 3. g3 c5 4. d5 exd5 5. cxd5 d6 6. Nc3 g6 7. Bg2 Bg7 8. Nf3 O-O 9. O-O Re8 10. Bf4 Ne4 11. Nxe4 Rxe4 12. Nd2 Rxf4 13. gxf4 Bxb2 14. Rb1 Bg7 15. e4 Nd7 16. Re1 Qh4 17. e5 Qxf4 18. e6 Ne5 19. Re4 Qf5 20. Ra4 fxe6 21. dxe6 Bxe6 22. Rxb7 Rf8 23. Ne4 Ng4 24. Qxd6 Nxf2 25. Ng3 Nh3+ 26. Bxh3 Qf2+ 27. Kh1 Bxh3 28. Rxg7+ Kxg7 29. Qe5+ Kg8 30. Qd5+ Rf7 31. Qe4 Qf1+ 32. Nxf1 Rxf1# 0-1


[Site "https://www.chess.com"]

[Event "Titled Tuesday Blitz May 9 Late 2023"]
[White "Ibrahimli, Murad"]
[Black "Seemann, Jakub"]
[WhiteFideId "13410229"]
[BlackFideId "21874697"]
[WhiteElo "2364"]
[BlackElo "2364"]
[Result "1-0"]
[Round "04"]
[TimeControl "180+2"]
[Date "2023.05.09"]
[WhiteClock "0:00:11"]
[BlackClock "0:00:01"]

1. e4 c5 2. Nf3 d6 3. Nc3 Nf6 4. e5 dxe5 5. Nxe5 a6 6. g3 Qd6 7. Nc4 Qc7 8. Bg2 Nc6 9. a4 Bg4 10. f3 Bf5 11. Ne3 Be6 12. O-O g6 13. f4 Nd4 14. g4 h5 15. g5 Ng4 16. Ned5 Qd6 17. h3 Bg7 18. a5 Nf5 19. Ne3 Ngxe3 20. dxe3 O-O-O 21. Qxd6 Nxd6 22. Na4 c4 23. Re1 f6 24. gxf6 Bxf6 25. e4 Bd4+ 26. Be3 Nb5 27. Nc5 Bxc5 28. Bxc5 Rd2 29. f5 gxf5 30. exf5 Rg8 31. Rxe6 Rgxg2+ 32. Kf1 Rh2 33. Rxe7 Rh1+ 34. Bg1 Rxh3 35. f6 Rf3+ 36. Ke1 Rd7 37. Bb6 Rxe7+ 38. fxe7 Kd7 39. Bc5 Rf5 40. Rd1+ Ke8 41. Rd8+ 1-0


[Site "https://www.chess.com"]

[Event "Titled Tuesday Blitz May 9 Late 2023"]
[White "Arabidze, Meri"]
[Black "Zhigalko, Sergei"]
[WhiteFideId "13604040"]
[BlackFideId "13502956"]
[WhiteElo "2405"]
[BlackElo "2626"]
[Result "0-1"]
[Round "04"]
[TimeControl "180+2"]
[Date "2023.05.09"]
[WhiteClock "0:00:07"]
[BlackClock "0:00:05"]

1. Nf3 d5 2. d4 e6 3. c4 c6 4. e3 Bd6 5. Nbd2 Nd7 6. b3 f5 7. Bb2 Ngf6 8. Be2 O-O 9. O-O b6 10. Ne5 Bb7 11. f4 Rc8 12. cxd5 Nxd5 13. Ndc4 Nxe5 14. dxe5 Bc5 15. Bd4 Be7 16. Qc1 c5 17. Bb2 b5 18. Nd6 Bxd6 19. exd6 c4 20. bxc4 Qxd6 21. Be5 Qe7 22. cxd5 Rxc1 23. Raxc1 Qa3 24. Bd4 Bxd5 25. Rc7 Rf7 26. Rc8+ Rf8 27. Rc7 e5 28. Bxe5 Qxe3+ 29. Rf2 Rf7 30. Rc8+ Rf8 31. Rc7 Bf7 32. Bxb5 Rd8 33. Be2 h6 34. Rc3 Qb6 35. Bc7 Qb1+ 36. Rf1 Qxa2 37. Bxd8 Qxe2 38. Bc7 Kh7 39. Be5 Bd5 40. Rg3 g5 41. h3 a5 42. Bd6 g4 43. hxg4 fxg4 44. f5 h5 45. Rf2 Qe1+ 46. Rf1 Qe2 47. Rf2 Qd1+ 48. Rf1 Qd4+ 49. Rf2 h4 50. Ra3 g3 51. Bxg3 hxg3 52. Rxg3 a4 53. f6 Qe5 54. Rh3+ Kg6 55. Rg3+ Qxg3 56. f7 Bxf7 57. Rf3 Qe1+ 58. Kh2 Qe5+ 59. Rg3+ Kf5 60. Kh3 Be6 61. Rf3+ Kg5+ 62. g4 Bxg4+ 0-1


[Site "https://www.chess.com"]

[Event "Titled Tuesday Blitz May 9 Late 2023"]
[White "Ibarra Jerez, Jose Carlos"]
[Black "Jaracz, Pawel"]
[WhiteFideId "2226332"]
[BlackFideId "1102222"]
[WhiteElo "2638"]
[BlackElo "2438"]
[Result "1-0"]
[Round "04"]
[TimeControl "180+2"]
[Date "2023.05.09"]
[WhiteClock "0:00:42"]
[BlackClock "0:00:37"]

1. e4 c6 2. Nf3 d5 3. d3 Qc7 4. exd5 cxd5 5. c4 Nf6 6. Nc3 e6 7. a3 Be7 8. g3 Bd7 9. Qe2 Bc6 10. Bg2 O-O 11. O-O Nbd7 12. b4 dxc4 13. dxc4 Rac8 14. c5 Nd5 15. Nxd5 Bxd5 16. Bf4 Qc6 17. Nd4 Bxg2 18. Nxc6 Bxc6 19. Rfd1 b6 20. Bd6 Bxd6 21. cxd6 Nf6 22. Rac1 h5 23. Qa6 h4 24. Qxa7 Ra8 25. Qxb6 Bf3 26. Rd3 Be4 27. Rd2 Nd5 28. Qd4 Bg6 29. Qxh4 Rxa3 30. Rxd5 exd5 31. d7 Raa8 32. Qe7 Rad8 33. Rd1 Be4 34. b5 Rb8 35. b6 f6 36. Rc1 Kh7 37. Qxf8 Rxf8 38. Rc8 1-0


[Site "https://www.chess.com"]

[Event "Titled Tuesday Blitz May 9 Late 2023"]
[White "Wieczorek, Oskar"]
[Black "Xiong, Jeffery"]
[WhiteFideId "1133950"]
[BlackFideId "2047640"]
[WhiteElo "2418"]
[BlackElo "2726"]
[Result "1-0"]
[Round "04"]
[TimeControl "180+2"]
[Date "2023.05.09"]
[WhiteClock "0:01:22"]
[BlackClock "0:01:53"]

1. e4 c5 2. Nf3 d6 3. d3 Nc6 4. g3 g6 5. Bg2 Bg7 6. O-O e5 7. Nc3 Nge7 8. Nh4 O-O 9. f4 f5 10. fxe5 Nxe5 11. Bg5 Ng4 12. Nd5 Nxd5 13. Bxd8 Bd4+ 14. Kh1 Nde3 15. Qe2 Nxf1 16. Rxf1 Rxd8 17. c3 Bf6 18. exf5 Bxh4 19. Qxg4 Bf6 20. Bd5+ Kg7 21. Be6 Re8 22. Bxc8 Raxc8 23. fxg6 hxg6 24. Qf3 1-0


[Site "https://www.chess.com"]

[Event "Titled Tuesday Blitz May 9 Late 2023"]
[White "Bortnyk, Olexandr"]
[Black "Aydincelebi, Kagan"]
[WhiteFideId "14120828"]
[BlackFideId "6361102"]
[WhiteElo "2734"]
[BlackElo "2180"]
[Result "1-0"]
[Round "04"]
[TimeControl "180+2"]
[Date "2023.05.09"]
[WhiteClock "0:00:07"]
[BlackClock "0:00:53"]

1. d4 c5 2. d5 Nf6 3. Nc3 d6 4. e4 g6 5. f4 Bg7 6. Nf3 O-O 7. e5 dxe5 8. fxe5 Ng4 9. Bf4 Qb6 10. h3 Nh6 11. Qd2 Nf5 12. O-O-O Nd7 13. Bc4 Nd4 14. Rhe1 Nxf3 15. gxf3 Qb4 16. Re4 Nxe5 17. Bxe5 Bxe5 18. d6 Bxc3 19. bxc3 Qa3+ 20. Kb1 exd6 21. Qh6 Qxc3 22. Bxf7+ Kxf7 23. Qxh7+ Qg7 24. Re7+ Kxe7 25. Qxg7+ Rf7 26. Qxg6 Be6 27. Re1 Rf6 28. Qg7+ Rf7 29. Qg6 Rf6 30. Qh7+ Rf7 31. Qe4 1-0


[Site "https://www.chess.com"]

[Event "Titled Tuesday Blitz May 9 Late 2023"]
[White "Kollars, Dmitrij"]
[Black "Krzyzanowski, Marcin"]
[WhiteFideId "12909572"]
[BlackFideId "1132199"]
[WhiteElo "2584"]
[BlackElo "2471"]
[Result "0-1"]
[Round "04"]
[TimeControl "180+2"]
[Date "2023.05.09"]
[WhiteClock "0:00:07"]
[BlackClock "0:00:23"]

1. c4 e5 2. Nc3 Bb4 3. Nd5 a5 4. a3 Bc5 5. e3 d6 6. d4 Ba7 7. Nf3 c6 8. Nc3 Nd7 9. Qc2 Ngf6 10. Be2 O-O 11. O-O Re8 12. b4 e4 13. Nd2 d5 14. Nb3 Bb8 15. Nxa5 h5 16. Bd2 Nf8 17. f4 exf3 18. Bxf3 Ng6 19. cxd5 cxd5 20. Rac1 Qd6 21. g3 Qe6 22. Nb5 h4 23. Nc7 Bxc7 24. Qxc7 hxg3 25. hxg3 b6 26. Rc6 Qh3 27. Bg2 Qh5 28. Rxb6 Ng4 29. Rf3 Be6 30. Qc1 Rac8 31. Rc6 Kh7 32. b5 Nh2 33. Rf2 Ng4 34. Rf3 Bf5 35. Rxf5 Qxf5 36. Qf1 Qh5 37. Qf3 Rcd8 38. Kf1 Nh2+ 39. Ke2 Nxf3 40. Bxf3 Qh2+ 41. Kd3 Qxg3 42. Be2 Nf4+ 0-1


[Site "https://www.chess.com"]

[Event "Titled Tuesday Blitz May 9 Late 2023"]
[White "Leiva, Gianmarco"]
[Black "Bortnyk, Mykola"]
[WhiteFideId "3804399"]
[BlackFideId "14120836"]
[WhiteElo "2365"]
[BlackElo "2582"]
[Result "1-0"]
[Round "04"]
[TimeControl "180+2"]
[Date "2023.05.09"]
[WhiteClock "0:00:07"]
[BlackClock "0:00:00"]

1. e4 c5 2. Nf3 e6 3. g3 Nc6 4. Bg2 d5 5. exd5 Qxd5 6. Nc3 Qd7 7. O-O Nf6 8. d3 h6 9. Bf4 Bd6 10. Bxd6 Qxd6 11. Nd2 Bd7 12. Nc4 Qe7 13. a4 O-O 14. a5 Rab8 15. Ne2 b5 16. axb6 axb6 17. Nc3 b5 18. Na5 Nd4 19. Ne2 Qd6 20. Nxd4 cxd4 21. Qd2 Rfc8 22. Nb3 e5 23. Ra7 Bc6 24. Ra6 Qd7 25. Nc5 Qe7 26. b4 Bxg2 27. Kxg2 Rxc5 28. Rxf6 Rxc2 29. Qxc2 Qxf6 30. Qc5 Qf5 31. Rd1 Kh7 32. Rd2 f6 33. h3 h5 34. Qc6 Qg6 35. h4 Qf5 36. Rd1 Qc8 37. Qe4+ Kh6 38. Ra1 Qb7 39. Qxb7 Rxb7 40. Kf3 Kg6 41. Ke4 Rc7 42. f4 exf4 43. gxf4 Re7+ 44. Kxd4 Kf5 45. Ra5 Kxf4 46. Rxb5 g5 47. hxg5 fxg5 48. Rb8 Rd7+ 49. Kc4 h4 50. Rh8 Ke5 51. Rh5 Rc7+ 52. Kb5 Rg7 53. Kc5 Kf6 54. Rh6+ Kf5 55. d4 Rc7+ 56. Kd5 Rd7+ 57. Kc5 Rd8 58. b5 Rc8+ 59. Kd5 Rd8+ 60. Kc5 Kg4 61. b6 h3 62. d5 Rc8+ 63. Kb5 Rd8 64. Kc6 Rc8+ 65. Kd7 Rg8 66. b7 Rg7+ 67. Kc6 Rg8 68. d6 Kf5 69. d7 g4 70. Kc7 g3 71. b8=Q Rxb8 72. Kxb8 g2 73. d8=Q g1=Q 74. Qf8+ Ke4 75. Qe7+ Kd3 76. Rxh3+ Kc4 77. Qc7+ Kb5 78. Rh5+ Kb4 79. Qa5+ Kc4 80. Qb5+ Kc3 81. Rc5+ Kd2 82. Qb4+ Ke2 83. Rc2+ Kf3 84. Rc3+ Kg2 85. Qb2+ Qf2 86. Rc2 Kh1 87. Rxf2 1-0


[Site "https://www.chess.com"]

[Event "Titled Tuesday Blitz May 9 Late 2023"]
[White "Bordi, Kevin"]
[Black "Terry, Renato"]
[WhiteFideId "621862"]
[BlackFideId "3803457"]
[WhiteElo "2750"]
[BlackElo "2575"]
[Result "0-1"]
[Round "04"]
[TimeControl "180+2"]
[Date "2023.05.09"]
[WhiteClock "0:01:02"]
[BlackClock "0:00:56"]

1. d4 e6 2. e4 d5 3. Nd2 c5 4. exd5 Qxd5 5. Ngf3 cxd4 6. Bc4 Qd6 7. O-O Nf6 8. Nb3 Nc6 9. Nbxd4 Nxd4 10. Qxd4 Qxd4 11. Nxd4 Bd7 12. Be2 Rc8 13. Bf3 Bc5 14. Be3 b6 15. c3 Ke7 16. Rfe1 Rhd8 17. Nf5+ Kf8 18. Bxc5+ Rxc5 19. Nd6 Bc6 20. Bxc6 Rxd6 21. Bf3 Rd2 22. Re2 Rcd5 23. Rxd2 Rxd2 24. Rb1 Nd7 25. Kf1 Nc5 26. Ke1 Rxb2 27. Rxb2 Nd3+ 28. Kd2 Nxb2 29. Kc2 Nc4 30. Be2 Nd6 31. Kb3 Ke7 32. Bf3 Kd7 33. Kb4 Kc7 34. c4 a5+ 35. Kc3 Nb7 36. Kd4 Nc5 37. Bd1 Kd6 38. f4 f6 39. Bc2 h6 40. h4 e5+ 41. fxe5+ fxe5+ 42. Ke3 Ke6 43. Bh7 Kf6 44. Bc2 Ke6 45. Bh7 Kd6 46. Bc2 Ne6 47. Ke4 Nd4 48. Bd3 Ke6 49. g3 Nf5 50. Kf3 Nd6 51. Kg4 e4 52. Be2 Ke5 53. Kh5 Nf5 54. Kg6 Nxg3 55. Bd1 Nf5 56. h5 e3 0-1


[Site "https://www.chess.com"]

[Event "Titled Tuesday Blitz May 9 Late 2023"]
[White "Tang, Andrew"]
[Black "Papasimakopoulos, Alexandros"]
[WhiteFideId "2059630"]
[BlackFideId "4244125"]
[WhiteElo "2596"]
[BlackElo "2359"]
[Result "1-0"]
[Round "04"]
[TimeControl "180+2"]
[Date "2023.05.09"]
[WhiteClock "0:00:52"]
[BlackClock "0:00:17"]

1. d4 e6 2. Nf3 Nf6 3. Bf4 c5 4. e3 Qb6 5. Na3 cxd4 6. Nb5 Nd5 7. Qxd4 Qxd4 8. Nfxd4 Nxf4 9. Nc7+ Kd8 10. Nxa8 Nd5 11. g3 Nc6 12. Bg2 Ndb4 13. O-O-O Nxd4 14. Rxd4 Nc6 15. Bxc6 bxc6 16. Ra4 a6 17. Rd1 Bc5 18. Rc4 Be7 19. Rxc6 Bb7 20. Rc7 Bxa8 21. Rdxd7+ Ke8 22. Rxe7+ Kd8 23. Red7+ Ke8 24. Rxf7 Bd5 25. Rxg7 1-0


[Site "https://www.chess.com"]

[Event "Titled Tuesday Blitz May 9 Late 2023"]
[White "Gritsenko, Nikolai"]
[Black "Rasulov, Vugar"]
[WhiteFideId "14112493"]
[BlackFideId "13402390"]
[WhiteElo "2389"]
[BlackElo "2509"]
[Result "0-1"]
[Round "04"]
[TimeControl "180+2"]
[Date "2023.05.09"]
[WhiteClock "0:01:00"]
[BlackClock "0:01:56"]

1. d4 Nf6 2. Bg5 d5 3. Nd2 g6 4. Bxf6 exf6 5. e3 f5 6. g3 Nd7 7. c4 Nf6 8. cxd5 h5 9. Ngf3 Bd6 10. Qb3 Kf8 11. Bg2 Kg7 12. Ne5 h4 13. O-O-O h3 14. Bf3 a5 15. Kb1 a4 16. Qd3 b5 17. Nc6 Qe8 18. e4 fxe4 19. Bxe4 Ng4 20. Qf3 Nf6 21. Rde1 Qf8 22. Re3 Bg4 0-1


[Site "https://www.chess.com"]

[Event "Titled Tuesday Blitz May 9 Late 2023"]
[White "Makarian, Rudik"]
[Black "Averjanov, Alexey"]
[WhiteFideId "44105681"]
[BlackFideId "14109867"]
[WhiteElo "2461"]
[BlackElo "2698"]
[Result "1/2-1/2"]
[Round "04"]
[TimeControl "180+2"]
[Date "2023.05.09"]
[WhiteClock "0:01:21"]
[BlackClock "0:01:16"]

1. d4 d5 2. c4 dxc4 3. Nf3 Nf6 4. e3 e6 5. Bxc4 a6 6. O-O b5 7. Bd3 Bb7 8. a4 b4 9. Nbd2 Nbd7 10. Qe2 c5 11. Nc4 Qc7 12. Rd1 Be7 13. e4 cxd4 14. e5 Nd5 15. Bg5 O-O 16. Rac1 Nc5 17. Nd6 Bxd6 18. exd6 Qxd6 19. Nxd4 Nxd3 20. Qxd3 Nf4 21. Qg3 Qxd4 22. Bxf4 Qf6 23. Be5 Qg6 24. Rd7 Qxg3 25. hxg3 Bd5 26. Rcc7 Rad8 27. Re7 Rde8 28. Red7 Rd8 29. Bd6 Rxd7 30. Rxd7 Rc8 31. Bxb4 Rc1+ 32. Kh2 h5 33. Bc3 Rc2 34. Kg1 Rc1+ 35. Kh2 Rc2 36. Kg1 Rc1+ 37. Kh2 1/2-1/2


[Site "https://www.chess.com"]

[Event "Titled Tuesday Blitz May 9 Late 2023"]
[White "Amburgy, Ryan"]
[Black "Kramnik, Vladimir"]
[WhiteFideId "30924820"]
[BlackFideId "4101588"]
[WhiteElo "2134"]
[BlackElo "2703"]
[Result "1-0"]
[Round "04"]
[TimeControl "180+2"]
[Date "2023.05.09"]
[WhiteClock "0:00:07"]
[BlackClock "0:00:00"]

1. d4 Nf6 2. c4 e6 3. Nf3 Bb4+ 4. Nbd2 b6 5. a3 Bxd2+ 6. Qxd2 O-O 7. b4 a5 8. Bb2 axb4 9. axb4 Rxa1+ 10. Bxa1 Bb7 11. g3 Nc6 12. Bg2 Qa8 13. O-O Ne7 14. Bb2 Ne4 15. Qc2 f5 16. Ra1 Qc8 17. Ne5 d6 18. Nd3 Ng6 19. f3 Nf6 20. Nf2 f4 21. Bh3 fxg3 22. hxg3 Nh5 23. d5 Qd8 24. Bxe6+ Kh8 25. Qc3 Qg5 26. Ne4 Qe7 27. Ra7 Bc8 28. Bxc8 Rxc8 29. c5 bxc5 30. bxc5 Qf8 31. Kf2 Ne5 32. Ng5 Qf5 33. cxd6 cxd6 34. Rc7 Rf8 35. Ne6 Qh3 36. Nxf8 Nxg3 37. Qe1 1-0


[Site "https://www.chess.com"]

[Event "Titled Tuesday Blitz May 9 Late 2023"]
[White "Koziorowicz, Michal"]
[Black "Yoo, Christopher Woojin"]
[WhiteFideId "21809194"]
[BlackFideId "30909694"]
[WhiteElo "2255"]
[BlackElo "2519"]
[Result "0-1"]
[Round "04"]
[TimeControl "180+2"]
[Date "2023.05.09"]
[WhiteClock "0:01:21"]
[BlackClock "0:00:20"]

1. e4 c5 2. Nf3 d6 3. Bb5+ Nd7 4. d4 cxd4 5. Qxd4 a6 6. Bxd7+ Bxd7 7. Nc3 Nf6 8. Bg5 e6 9. O-O Be7 10. Nd2 b5 11. Rfd1 Qc7 12. Nf1 h6 13. Bh4 a5 14. a3 Rb8 15. Bg3 e5 16. Qd3 b4 17. axb4 axb4 18. Nd5 Nxd5 19. Qxd5 Qxc2 20. Ne3 Qc6 21. Qd3 Be6 22. Ra7 Ra8 23. Rxa8+ Qxa8 24. Qb5+ Kf8 25. Qxb4 d5 26. Qb5 d4 27. Nd5 Bxd5 28. exd5 f6 29. h4 Kf7 30. Qd7 Rd8 31. Qe6+ Kf8 32. Rc1 Qxd5 33. Qf5 d3 34. Rd1 Qb3 35. Rd2 Bb4 36. Bxe5 Bxd2 37. Bxf6 gxf6 38. Qxf6+ Ke8 39. Qg6+ Qf7 40. Qc6+ Kf8 41. Qe8+ Qxe8 0-1


[Site "https://www.chess.com"]

[Event "Titled Tuesday Blitz May 9 Late 2023"]
[White "Subelj, Jan"]
[Black "Livaic, Leon"]
[WhiteFideId "14618583"]
[BlackFideId "14531534"]
[WhiteElo "2474"]
[BlackElo "2522"]
[Result "0-1"]
[Round "04"]
[TimeControl "180+2"]
[Date "2023.05.09"]
[WhiteClock "0:00:01"]
[BlackClock "0:00:07"]

1. e4 e6 2. d4 d5 3. Nc3 Bb4 4. e5 c5 5. a3 Bxc3+ 6. bxc3 Ne7 7. h4 Nbc6 8. h5 h6 9. Nf3 Qa5 10. Bd2 Qa4 11. Qb1 c4 12. Be2 Bd7 13. Kf1 O-O-O 14. g3 Kb8 15. Kg2 Nc8 16. g4 Nb6 17. g5 hxg5 18. Nxg5 Rdf8 19. Bg4 Qa5 20. Qe1 Na4 21. Qe3 Ne7 22. Rh3 Ka8 23. Rah1 Nb6 24. Bc1 Qa4 25. Qe2 Nf5 26. Bxf5 exf5 27. h6 gxh6 28. Rxh6 Rhg8 29. Kf1 f4 30. Nh7 f3 31. Qd2 Rc8 32. Nf6 Rgd8 33. Nxd7 Qxd7 34. Qf4 Qa4 35. Qf5 Rg8 36. R1h3 Qb5 37. Rxf3 Qb1 38. Qf4 Rg7 39. Qd2 Rcg8 40. Rg3 Rxg3 41. fxg3 Na4 42. Kg2 Qa1 43. Qg5 Rb8 44. Bd2 Nxc3 45. Qf5 Ne4 46. Bf4 Qxd4 47. e6 Qf2+ 48. Kh3 Qf1+ 49. Kg4 Rg8+ 50. Bg5 Qxf5+ 51. Kxf5 fxe6+ 52. Kxe6 Nxg5+ 53. Kxd5 c3 54. Kc4 Ne4 55. Re6 Nxg3 56. Kxc3 Nf5 57. Rf6 Ne7 58. Kd4 Nc6+ 59. Kc5 a6 60. c4 Rc8 61. Kb6 Ne5 62. c5 Nd7+ 0-1


[Site "https://www.chess.com"]

[Event "Titled Tuesday Blitz May 9 Late 2023"]
[White "Mekhitarian, Krikor Sevag"]
[Black "Martinez Reyes, Pedro Ramon"]
[WhiteFideId "2107660"]
[BlackFideId "3901807"]
[WhiteElo "2604"]
[BlackElo "2340"]
[Result "1-0"]
[Round "04"]
[TimeControl "180+2"]
[Date "2023.05.09"]
[WhiteClock "0:00:33"]
[BlackClock "0:00:00"]

1. Nf3 d5 2. c4 dxc4 3. e3 Be6 4. Nc3 Nf6 5. Nd4 Bd5 6. Nxd5 Qxd5 7. Qa4+ Nbd7 8. Qxc4 c6 9. Qxd5 Nxd5 10. a3 g6 11. Nb3 a5 12. d4 Bg7 13. e4 N5b6 14. Be3 Na4 15. O-O-O O-O 16. Kb1 f5 17. Bc4+ Kh8 18. Be6 Nf6 19. exf5 Ng4 20. fxg6 Nxf2 21. Bxf2 Rxf2 22. Rd2 Rxd2 23. Nxd2 Bxd4 24. Nf3 Bf6 25. gxh7 Nxb2 26. Bg8 Rd8 27. Kc2 Na4 28. Re1 Kg7 29. g4 Kh8 30. g5 Bg7 31. Rxe7 Nc5 32. Nh4 Rd6 33. Nf5 Rg6 34. h4 1-0


[Site "https://www.chess.com"]